 Dungeon Sprint DCSS version 0.21-a0-91-ga5031da (webtiles) character file.

168 Kidiri the Covert (level 5, -3/27 HPs)
             Began as a Spriggan Enchanter on June 30, 2017.
             Slain by a necrophage (4 damage)
             ... in the Dungeon (Sprint II: "The Violet Keep of Menkaure").
             The game lasted 00:00:23 (37 turns).

Kidiri the Covert (Spriggan Enchanter)                Turns: 37, Time: 00:00:24

Health: -3/27      AC:  2    Str:  4    XL:     5   Next: 24%
Magic:  10/14      EV: 22    Int: 17    God:
Gold:   0          SH:  0    Dex: 17    Spells: 15/16 levels left

rFire    . . .     SeeInvis +   a - +1 dagger
rCold    . . .     Gourm    .   (shield restricted)
rNeg     . . .     Faith    .   b - +0 robe
rPois    .         Spirit   .   (helmet restricted)
rElec    .         Reflect  .   (no cloak)
rCorr    .         Harm     .   (gloves unavailable)
MR       .....     NoTele   +   (boots unavailable)
Stlth    ++++......             (no amulet)
HPRegen  0.09/turn              (no ring)
MPRegen  0.14/turn              (no ring)

@: berserk cooldown, slowed, quick
A: unfitting armour, see invisible, herbivore 3, speed 3, slow metabolism 2
a: no special abilities


You were in the Dungeon.
You were not hungry.

You visited 1 branch

Inventory:

Hand Weapons
 a - a +1 dagger (weapon)
Armour
 b - a +0 robe (worn)
Scrolls
 j - a scroll of blinking
Potions
 f - a potion of heal wounds
 g - a potion of haste
 h - 2 potions of magic
Books
 c - a book of Maledictions

   Spells                             Type                      Level
   a - Corona                         Hexes                        1
   b - Ensorcelled Hibernation        Hexes/Ice                    2
   c - Confuse                        Hexes                        3
   d - Tukima's Dance                 Hexes                        3
   e - Dazzling Spray                 Conjuration/Hexes            3
Comestibles
 d - a bread ration


   Skills:
 + Level 2.4 Fighting
 * Level 4.9 Short Blades
 + Level 2.2 Armour
 * Level 7.0 Dodging
 * Level 8.3 Stealth
 * Level 6.1 Spellcasting
 + Level 5.2 Hexes


You had 15 spell levels left.
You knew the following spells:

 Your Spells              Type           Power        Failure   Level  Hunger
a - Corona                Hex            ###....      1%          1    None


Dungeon Overview and Level Annotations

Branches:
Dungeon (1/1)

Altars:


Innate Abilities, Weirdness & Mutations

You are very small and have problems with some larger weapons.
You are too small for most types of armour.
You have supernaturally acute eyesight. (SInv)
You are a herbivore.
You cover ground extremely quickly.
You need consume almost no food.


Message History

The necrophage is lightly damaged.
The necrophage hits you.
* * * LOW HITPOINT WARNING * * *
You feel ill.
You feel your flesh rotting away!
You hit the necrophage but do no damage.
The necrophage is lightly damaged.
The necrophage hits you.
* * * LOW HITPOINT WARNING * * *
Unknown command.
You feel better. The necrophage hits you.
* * * LOW HITPOINT WARNING * * *
Unknown command.
You barely miss the necrophage.
The necrophage is lightly damaged.
The necrophage hits you!
* * * LOW HITPOINT WARNING * * *
You hit the necrophage but do no damage.
The necrophage is lightly damaged.
The necrophage barely misses you. The necrophage hits you.
You die...

## ##
##.
.##
..#..
.n.
#n#
##@##
+.<.+
##.##
#+#


You could see 2 necrophages.

Vanquished Creatures
  2 necrophages (D)
2 creatures vanquished.

Vanquished Creatures (others)
  A crocodile (D)
1 creature vanquished.

Grand Total: 3 creatures vanquished

Notes
Turn   | Place    | Note
-------+----------+-------------------------------------------
     0 | D        | Kidiri the Spriggan Enchanter began the quest for the Orb.
     0 | D        | Reached XP level 1. HP: 9/9 MP: 5/5
     1 | D        | Noticed a necrophage
     1 | D        | Noticed a necrophage
     1 | D        | Noticed a necrophage
     1 | D        | Noticed a necrophage
     7 | D        | Killed a necrophage
     7 | D        | Reached skill level 1 in Fighting
     7 | D        | Reached skill level 1 in Armour
     7 | D        | Reached skill level 5 in Dodging
     7 | D        | Reached skill level 7 in Stealth
     7 | D        | Reached skill level 5 in Spellcasting
     7 | D        | Reached XP level 2. HP: 15/15 MP: 6/9
     7 | D        | Reached XP level 3. HP: 18/18 MP: 6/10
     7 | D        | Reached XP level 4. HP: 23/23 MP: 7/12
    10 | D        | Killed a crocodile
    18 | D        | Killed a necrophage
    18 | D        | Reached skill level 8 in Stealth
    18 | D        | Reached skill level 5 in Hexes
    18 | D        | Reached XP level 5. HP: 27/27 MP: 7/14
    36 | D        | HP: 1/27 [necrophage (7)]
    37 | D        | Slain by a necrophage

Vault maps used:
D:        the_violet_keep_of_menkaure

Skill      XL: |  1  2  3  4 |
---------------+-------------+-----
Fighting       | 1 2 |  2.4
Short Blades   | 3 4 |  4.9
Armour         | 1 2 |  2.2
Dodging        | 5 7 |  7.0
Stealth        | 7 8 |  8.3
Spellcasting   | 5 6 |  6.1
Hexes          | 4 5 |  5.2

Action                   |  1- 3 |  4- 6 || total
-------------------------+-------+-------++-------
Melee: Dagger            |     5 |    29 ||    34
  Use: Potion            |     1 |     1 ||     2
Dodge: Dodged            |     1 |    19 ||    20
